 Dungeon Crawl Stone Soup version 0.27.1-16-g815e20cd7a (webtiles) character file.

Game seed: 6637218007210236474

60 spaced the Caller (level 3, -3/14 HPs)
             Began as a Felid Summoner on Nov 22, 2021.
             Was an Initiate of Sif Muna.
             Shot with an arrow by a centaur (14 damage)
             ... on level 4 of the Dungeon.
             The game lasted 00:23:36 (4136 turns).

spaced the Caller (Felid Summoner)                  Turns: 4136, Time: 00:23:36

Health: -3/14      AC:  1    Str:  4    XL:     3   Next: 82%
Magic:  6/8        EV: 17    Int: 17    God:    Sif Muna [......]
Gold:   120        SH:  0    Dex: 16    Spells: 2/8 levels left
                                        Lives:  0   Deaths: 1

rFire    . . .     SeeInvis +     - Unarmed
rCold    . . .     Faith    .   (shield unavailable)
rNeg     . . .     Spirit   .   (armour unavailable)
rPois    .         Reflect  .   (helmet unavailable)
rElec    .         Harm     .   (cloak unavailable)
rCorr    .         Rampage  .   (gloves unavailable)
Will     .....                  (boots unavailable)
Stlth    +++.......             (no amulet)
HPRegen  0.04/turn              j - ring of flight
MPRegen  0.11/turn              (no ring)

@: flying, quick
A: very small, claws 1, fangs 3, see invisible, speed 1, shaggy fur 1, stealthy
paws, no weapons or thrown items, no armour, multi-lived
a: Renounce Religion


You were on level 4 of the Dungeon.
You worshipped Sif Muna.
Sif Muna was noncommittal.
You visited 1 branch of the dungeon, and saw 4 of its levels.

You collected 120 gold pieces.

Inventory:

Magical Staves
 g - a staff of poison
Jewellery
 j - a ring of flight (left paw)
Scrolls
 a - 2 scrolls of silence
 b - a scroll of fog {unknown}
 d - a scroll of summoning {unknown}
 f - a scroll of enchant weapon {unknown}
 i - a scroll of vulnerability {unknown}
 k - a scroll of noise {unknown}
 l - a scroll of blinking {unknown}
 m - a scroll of identify {unknown}
Potions
 c - 2 potions of cancellation {unknown}
 e - a potion of magic {unknown}
 h - a potion of might {unknown}
 n - a potion of degeneration {unknown}


   Skills:
 + Level 2.9 Dodging
 + Level 3.7 Stealth
 + Level 1.0 Unarmed Combat
 + Level 3.2 Spellcasting
 + Level 4.9 Summonings


You had 2 spell levels left.
You knew the following spells:

 Your Spells              Type           Power      Damage    Failure   Level
a - Summon Small Mammal   Summ           76%        N/A       2%          1
b - Call Imp              Summ           19%        N/A       3%          2
c - Call Canine Familiar  Summ           19%        N/A       7%          3

Your spell library contained the following spells:

 Spells                   Type           Power      Damage    Failure   Level
 Summon Guardian Golem    Hex/Summ       11%        N/A       19%         3
 Dazzling Flash           Conj/Hex       4%         N/A       45%         3
 Summon Lightning Spire   Summ/Air       11%        N/A       52%         4
 Iskenderun's Mystic Bla  Conj/Tloc      2%         2d3       86%         4
 Starburst                Conj/Fire      1%         6d3       100%        6


Dungeon Overview and Level Annotations

Branches:
Dungeon (4/15)
 Temple: D:4-7

Altars:
Gozag
Sif Muna


Innate Abilities, Weirdness & Mutations

You have sharp claws.
You have razor-sharp teeth.
You have supernaturally acute eyesight. (SInv)
You cover ground quickly. (Speed+)
You are covered in fur. (AC +1)
Your paws help you pounce on unaware monsters.
You are incapable of wielding weapons or throwing items.
You cannot wear armour.
You gain extra lives every three experience levels.


Message History

Your white imp barely misses the hornet.
You miss the hornet.
The hornet is lightly wounded.
The hornet stings you.
You are lethally poisoned!
You suddenly lose the ability to move!
The bullfrog skeleton hits your white imp.
The hornet stings you!
Ouch! That really hurt!
You die...
You feel as though you will be slow longer.
Your white imp hits the bullfrog skeleton.
Your white imp freezes the bullfrog skeleton.
The bullfrog skeleton completely resists.
The bullfrog skeleton hits your white imp.
Your white imp dies!
Your white imp disappears in a puff of smoke!
You are now level 3!
You rejoin the land of the living...
Found an opulent altar of Gozag.
You hear a distant slurping noise.
A hornet is nearby!
The hornet buzzes angrily.
The bullfrog skeleton hits you. The bullfrog skeleton misses you.
The hornet closely misses you.
A centaur comes into view.
An adder comes into view.
The hornet barely misses you.
The adder moves out of view.
The adder hisses angrily.
You hear a distant slurping noise.
The hornet closely misses you. The hornet closely misses you.
Casting: Call Imp (safe; 3% risk of failure)
Confirm with . or Enter, or press ? or * to list all spells.
The spell is potentially lethal to cast (7% risk of failure)!
Continue anyway?
The centaur wields a +0 shortbow.
The centaur shoots an arrow.
The arrow closely misses you.
The centaur shoots an arrow.
The arrow hits you!
Ouch! That really hurt!
You die...

#.#.# ##.#.##
##..#..#
#..###c###
#.##.....##
##.#.8...8.#
#..#.......###
#......_.....#
#Z##.....@.#.#
#.##.8...8.#.#
#.###..hy.##.#
#.#####Z###..#
#####......S....##
................##
##########......#
#......#
#...........


You could see a hornet (ally target), a centaur, an adder, a bullfrog skeleton
and a friendly hound (summoned).

Vanquished Creatures
  A dart slug (D:2)
  An orc (D:3)
  4 bats
  5 endoplasms
  3 goblins
  A hobgoblin (D:1)
  2 jackals (D:1)
  A quokka (D:3)
  2 ball pythons (D:3)
  4 frilled lizards
  4 kobolds
  2 rats
30 creatures vanquished.

Vanquished Creatures (collateral kills)
  An ogre (D:4)
  A jelly (D:3)
  A gnoll (D:1)
  3 adders
  3 goblins
  4 hobgoblins
  4 jackals
  2 ball pythons
  3 bats
  3 kobolds
  2 rats
27 creatures vanquished.

Vanquished Creatures (others)
  6 toadstools (D:4)
6 creatures vanquished.

Grand Total: 63 creatures vanquished

Notes
Turn   | Place    | Note
-------+----------+-------------------------------------------
     0 | D:1      | spaced the Felid Summoner began the quest for the Orb.
     0 | D:1      | Reached XP level 1. HP: 7/7 MP: 4/4
   463 | D:1      | Reached XP level 2. HP: 5/11 MP: 0/6
   657 | D:1      | Learned a level 2 spell: Call Imp
  1281 | D:1      | Found a faded altar of an unknown god.
  1641 | D:2      | Reached XP level 3. HP: 14/14 MP: 5/7
  1645 | D:2      | Learned a level 3 spell: Call Canine Familiar
  2817 | D:3      | Found a shimmering blue altar of Sif Muna.
  2823 | D:3      | Became a worshipper of Sif Muna the Loreminder
  2954 | D:3      | Reached XP level 4. HP: 2/18 MP: 6/9
  3990 | D:4      | Noticed an ogre
  4011 | D:4      | Noticed a hornet
  4016 | D:4      | Killed an ogre
  4017 | D:4      | Reached skill level 1 in Unarmed Combat
  4057 | D:4      | Paralysed by a hornet for 2 turns
  4057 | D:4      | Slain by a hornet
  4058 | D:4      | Reached XP level 3. HP: 0/14 MP: 1/8
  4058 | D:4      | Found an opulent altar of Gozag.
  4120 | D:4      | Noticed a centaur
  4136 | D:4      | Shot with an arrow by a centaur

Illustrated notes

Levels and vault maps discovered:
D:1:      wheals_arrival_shading, layout_basic, ebering_ecumenical_altar_rust
D:2:      layout_rooms, grunt_ministairs_14
D:3:      layout_loops_ring, mainiacjoe_overflow_tiny_flanked
D:4:      cheibrodos_fertilizer, layout_rooms, grunt_gozag_statues

Skill      XL: |  1  2  3  4 |
---------------+-------------+-----
Stealth        | 3 |  3.7
Spellcasting   | 3 |  3.2
Unarmed Combat | 1 |  1.0
Dodging        | |  2.9
Summonings     | |  4.9

Action                   |  1- 3 |  4- 6 || total
-------------------------+-------+-------++-------
Melee: Unarmed           |    72 |    27 ||    99
       Bite              |     5 |     1 ||     6
 Cast: Summon Small Mamm |    31 |     6 ||    37
       Call Imp          |    10 |     6 ||    16
       Call Canine Famil |     4 |     2 ||     6
  Use: Scroll            |     1 |       ||     1
       Potion            |       |     1 ||     1
 Stab: Sleeping          |    11 |     4 ||    15
       Distracted        |     1 |       ||     1
Armor: Skin              |     6 |       ||     6
Dodge: Dodged            |    81 |    24 ||   105
